 Dungeon Crawl Stone Soup version 0.28-a0-1493-g08698888e4 (webtiles) character file.

Game seed: 7799377018059361134

5 a3don the Vexing (level 1, 0/12 HPs)
             Began as a Kobold Arcane Marksman on Jan 12, 2022.
             Slain by a quokka (2 damage)
             ... on level 1 of the Dungeon.
             The game lasted 00:01:10 (390 turns).

a3don the Vexing (Kobold Arcane Marksman)            Turns: 390, Time: 00:01:11

Health: 0/12       AC:  2    Str:  7    XL:     1   Next: 88%
Magic:  2/2        EV: 15    Int: 14    God:
Gold:   27         SH:  0    Dex: 15    Spells: 1/2 levels left

rFire   . . .      SeeInvis .   b - +0 flail
rCold   . . .      Faith    .   (no shield)
rNeg    . . .      Spirit   .   d - +0 robe
rPois   .          Reflect  .   (no helmet)
rElec   .          Harm     .   (no cloak)
rCorr   .          Rampage  .   (no gloves)
Will    .....                   (no boots)
Stlth   ++........              (no amulet)
HPRegen 0.04/turn               (no ring)
MPRegen 0.08/turn               (no ring)

@: no status effects
A: small, no large weapons, nightstalker 3
a: no special abilities


You were on level 1 of the Dungeon.
You visited 1 branch of the dungeon, and saw 1 of its levels.

You collected 27 gold pieces.

Inventory:

Hand Weapons
 a - a +0 hand crossbow
 b - a +0 flail (weapon)
Missiles
 c - 13 bolts
Armour
 d - a +0 robe (worn)


   Skills:
 + Level 1.2 Fighting
 + Level 2.5 Crossbows
 + Level 2.5 Dodging
 + Level 1.2 Spellcasting
 + Level 3.0 Hexes


You had one spell level left.
You knew the following spells:

 Your Spells              Type           Power      Damage    Failure   Level
a - Slow                  Hex            36%        N/A       8%          1

Your spell library contained the following spells:

 Spells                   Type           Power      Damage    Failure   Level
 Inner Flame              Hex/Fire       5%         N/A       38%         3
 Portal Projectile        Hex/Tloc       10%        N/A       38%         3
 Cause Fear               Hex            4%         N/A       58%         4
 Blade Hands              Tmut           0%         N/A       100%        5
 Excruciating Wounds      Necr           0%         N/A       100%        5


Dungeon Overview and Level Annotations

Branches:
Dungeon (1/15)

Altars:


Innate Abilities, Weirdness & Mutations

You are small and have problems with some larger weapons.
You are completely attuned to the shadows.


Message History

You kill the hobgoblin!
A goblin comes into view. It is wielding a +0 club.
The goblin shouts!
You shoot a bolt. The bolt hits the goblin!
You kill the goblin!
A kobold comes into view. It is wielding a +0 whip.
You shoot a bolt. The kobold shouts!
The bolt hits the kobold!
You kill the kobold!
A quokka comes into view.
You shoot a bolt. The bolt closely misses the quokka.
A bat comes into view.
The bat moves out of view.
You shoot a bolt. The bolt hits the quokka.
The quokka is moderately wounded.
The quokka twitches its whiskers.
The quokka bites you.
You shoot a bolt. The bolt closely misses the quokka.
The quokka misses you.
You shoot a bolt. The bolt completely misses the quokka.
The quokka misses you.
A rat comes into view.
The quokka bites you.
b - a +0 flail (weapon)
The quokka bites you.
* * * LOW HITPOINT WARNING * * *
You are too injured to fight recklessly!
You are too injured to fight recklessly!
You closely miss the quokka.
The quokka is moderately wounded.
The quokka closely misses you.
You hit the quokka.
The quokka is almost dead.
The quokka closely misses you. x2
You barely miss the quokka.
The quokka is almost dead.
The quokka closely misses you. The quokka misses you.
You barely miss the quokka.
The quokka is almost dead.
The quokka bites you.
You die...

...#...
.........
....#....
....(....
....#...#
.........
....#..##
##((...(r
.......##
#.........
........#
#.##.# #r#
......#.#
#.##.###@#
.....##..
#.##.#...#
##......>
#.##.###.#
##.#....
#####......#.#
#....
#.....##.#.#.#
#.#....
#.###.##.#.#.#
#......
#......#.#.#
#.[....
.##..####.#.#
######......
.......##...#
#...........


You could see a quokka.

Vanquished Creatures
  3 hobgoblins (D:1)
  A goblin (D:1)
  A kobold (D:1)
5 creatures vanquished.

Notes
Turn   | Place    | Note
-------+----------+-------------------------------------------
     0 | D:1      | a3don the Kobold Arcane Marksman began the quest for the
                  | Orb.
     0 | D:1      | Reached XP level 1. HP: 12/12 MP: 2/2
   390 | D:1      | Slain by a quokka

Illustrated notes

Levels and vault maps discovered:
D:1:      dpeg_arrival_arbitrary_c, layout_basic, serial_shops, shop,
          minmay_cupped

Action                   || total
-------------------------++-------
Melee: Flail             ||     7
 Fire: Hand crossbow     ||    12
Armor: Robe              ||     1
Dodge: Dodged            ||    12

Table legend: (Time is in decaauts)
 A = Elapsed time spent in this place.
 B = Non-inter-level travel time spent in this place.
 C = Inter-level travel time spent in this place.
 D = Time resting spent in this place.
 E = Time spent auto-exploring this place.
 F = Levels seen in this place.
 G = Mean time per level.
                   A        B        C        D        E       F      G
               +--------+--------+--------+--------+--------+-----+--------+
         Total |    395 |    364 |     31 |      0 |    306 |   1 |  395.0 |
       Dungeon |    395 |    364 |     31 |      0 |    306 |   1 |  395.0 |
               +--------+--------+--------+--------+--------+-----+--------+

Top non-repeatable levels by time:
     D:1: 395 daAuts
